 Dungeon Crawl Stone Soup version 0.31-a0-325-g067879e3d3 (webtiles) character file.

Game seed: 7488505620968040123

1145 themarg the Conjurer (level 8, -1/49 HPs)
             Began as a Tengu Conjurer on July 18, 2023.
             Was a High Priest of Jiyva.
             Slain by a bullfrog (6 damage)
             ... on level 6 of the Dungeon.
             The game lasted 00:18:25 (3940 turns).

themarg the Conjurer (Tengu Conjurer)               Turns: 3940, Time: 00:18:26

Health: -1/49      AC:  4    Str:  6    XL:     8   Next: 37%
Magic:  5/12       EV: 15    Int: 25    God:    Jiyva [*****.]
Gold:   128        SH:  0    Dex: 18    Spells: 8/11 levels left

rFire   + . .        b - +0 dagger
rCold   . . .        (no shield)
rNeg    . . .        a - +0 robe
rPois   .            (helmet restricted)
rElec   .            (no cloak)
rCorr   +            (no gloves)
SInv    .            (boots unavailable)
Will    +....        (no amulet)
Stlth   ++           i - +6 ring of dexterity
HPRegen 1.72/turn    u - ring of willpower
MPRegen 0.58/turn

%: resist mutation
@: lethally poisoned (-1 -> -3), calling ooze, flying quickly and evasively,
quick
A: beak, talons 3, nimble flight, iridescent scales 1, clever 1, fire resistance
1, mutation resistance 3
a: Renounce Religion, Oozemancy, Slimify


You were on level 6 of the Dungeon.
You worshipped Jiyva.
Jiyva was extremely pleased with you.
You visited 1 branch of the dungeon, and saw 6 of its levels.

You collected 128 gold pieces.

Inventory:

Hand Weapons
 b - a +0 dagger (weapon)
 j - a +0 flail
 n - a +0 short sword
 y - a +0 dagger of holy wrath
Missiles
 c - 30 stones
 p - 12 poisoned darts
 t - 5 javelins
Armour
 a - a +0 robe (worn)
 m - a +0 leather armour
 q - a +0 chain mail
 r - a +1 ring mail of cold resistance
 x - a +2 helmet
Jewellery
 i - a +6 ring of dexterity (left hand)
 u - a ring of willpower (right hand)
Talismans
 d - a beast talisman
Wands
 v - a wand of polymorph (10)
Scrolls
 e - 2 scrolls of vulnerability
 l - a scroll of amnesia {unknown}
 w - a scroll of revelation {unknown}
Potions
 f - a potion of cancellation
 g - 3 potions of curing
 h - 2 potions of degeneration {unknown}
 k - a potion of invisibility {unknown}
 o - a potion of mutation {unknown}
 s - a potion of heal wounds {unknown}


   Skills:
 - Level 5.0 Fighting
 - Level 2.1 Dodging
 - Level 3.0 Stealth
 + Level 2.0 Spellcasting
 - Level 6.2 Conjurations
 - Level 4.0 Hexes
 - Level 4.0 Translocations
 + Level 0.3 Evocations


You had 8 spell levels left.
You knew the following spells:

 Your Spells              Type           Power      Damage    Failure   Level
a - Magic Dart            Conj           100%       1d8       1%          1
b - Searing Ray           Conj           66%        2d6       1%          2

Your spell library contained the following spells:

 Spells                   Type           Power      Damage    Failure   Level
 Dazzling Flash           Conj/Hex       56%        N/A       4%          3
 Fulminant Prism          Conj/Hex       14%        3d9       14%         4
 Iskenderun's Mystic Bla  Conj/Tloc      28%        2d7       14%         4
 Sublimation of Blood     Necr           2%         N/A       17%         2
 Wereblood                Tmut           2%         N/A       17%         2
 Summon Hydra             Summ           1%         N/A       100%        7


Dungeon Overview and Level Annotations

Branches:
Dungeon (6/15)             Temple (0/1) D:5

Altars:
Gozag
Hepliaklqana
Makhleb
Jiyva

Annotations:
D:3 2 transporters, LustLizard's ghost, amateur OpSh
D:6 3 exclusions


Innate Abilities, Weirdness & Mutations

You have a beak for a mouth.
You have claws for feet.
Your magical nature lets you fly swiftly and evasively.
You are partially covered in iridescent scales. (AC +2)
Your mind is acute. (Int +4, Str/Dex -1)
Your flesh is heat resistant. (rF+)
You are almost entirely resistant to further mutation and mutation removal.


Message History

You kill the kobold!
The searing ray hits the kobold brigand.
The kobold brigand is moderately wounded. (Press . to maintain the ray.)
The bullfrog hits you.
The kobold brigand throws a poisoned dart.
The poisoned dart barely misses you. The bullfrog hits you!
The searing ray misses the kobold brigand.
The searing ray hits the kobold.
You kill the kobold!
The bullfrog closely misses you.
The searing ray hits the kobold brigand!
The kobold brigand is heavily wounded.
The bullfrog closely misses you. The bullfrog hits you!
The searing ray hits the kobold brigand.
The kobold brigand is severely wounded.
You finish channelling your searing ray.
The kobold brigand hits you with a +1 dagger of venom.
You are poisoned.
The bullfrog closely misses you.
Aiming: Searing Ray (safe; 1% risk of failure)
Press: ? - help, Shift-Dir - straight line The searing ray hits the kobold brigand.
The kobold brigand is severely wounded. (Press . to maintain the ray.)
You feel sick. The bullfrog hits you!
The kobold brigand hits you with a +1 dagger of venom.
You are more poisoned.
The bullfrog barely misses you.
The searing ray misses the kobold brigand.
You feel very sick. The kobold brigand closely misses you.
The bullfrog hits you.
* * * LOW HITPOINT WARNING * * *
Activating: Oozemancy (1% risk of failure)
Press: ? - help, Dir - look around, f - activate Slime begins to ooze from the nearby walls!
* * * LOW HITPOINT WARNING * * *
You feel very sick.
The walls burn the bullfrog!
The bullfrog hits you.
You die...

...#
#........................
...#
#.......##......#.####.#.
...# ####.#.##.......###
###. #### #.#.##........#
## #.#.##8......#..#
#.##..#......#.##
#.#..8.....##
#.###..#####.## #...F@K)#
K## #####....).# ########


You could see a kobold brigand and a bullfrog.

Vanquished Creatures
  A water moccasin (D:6)
  2 black bears
  3 phantoms
  A kobold brigand (D:6)
  A wyvern skeleton (D:6)
  A howler monkey (D:5)
  A centaur zombie (D:6)
  A bullfrog zombie (D:6)
  2 orc priests
  A sleepcap (D:4)
  A bullfrog skeleton (D:6)
  3 iguanas
  2 orc wizards
  3 gnolls (D:4)
  5 adders
  A worm (D:2)
  2 dart slugs (D:2)
  19 orcs
  An endoplasm (D:1)
  10 goblins
  5 hobgoblins
  6 jackals
  16 kobolds
  5 quokkas
  4 ball pythons
  3 bats
  2 frilled lizards
  3 rats
105 creatures vanquished.

Vanquished Creatures (others)
  A water moccasin (D:6)
  An ogre (D:6)
  A phantom (D:6)
  A bullfrog (D:6)
  A centaur zombie (D:6)
  A hound (D:5)
  2 jellies
  3 adders
  A dart slug (D:3)
  An orc (D:6)
  A ball python (D:2)
  4 endoplasms
  A hobgoblin (D:2)
  2 bats (D:3)
  6 kobolds
27 creatures vanquished.

Grand Total: 132 creatures vanquished

Notes
Turn   | Place    | Note
-------+----------+-------------------------------------------
     0 | D:1      | themarg the Tengu Conjurer began the quest for the Orb.
     0 | D:1      | Reached XP level 1. HP: 10/10 MP: 4/4
   145 | D:1      | Reached XP level 2. HP: 16/16 MP: 4/6
   150 | D:1      | Learned a level 2 spell: Searing Ray
   327 | D:1      | Reached skill level 1 in Fighting
   740 | D:1      | Found a faded altar of an unknown god.
   740 | D:1      | Noticed a hellwing
   748 | D:1      | Prayed at the altar of an unknown god.
   748 | D:1      | Became a worshipper of Jiyva Jukotola the Shapeless
   748 | D:1      | Reached * piety under Jiyva
   925 | D:2      | Found an opulent altar of Gozag.
   965 | D:2      | Reached XP level 3. HP: 20/20 MP: 4/7
  1059 | D:2      | Reached skill level 6 in Conjurations
  1149 | D:2      | Reached ** piety under Jiyva
  1386 | D:2      | Reached skill level 1 in Translocations
  1386 | D:2      | Reached XP level 4. HP: 15/25 MP: 1/8
  1402 | D:3      | Found a transporter.
  1473 | D:3      | Reached skill level 1 in Hexes
  1525 | D:3      | Reached *** piety under Jiyva
  1526 | D:3      | Gained mutation: Your mind is acute. (Int +4, Str/Dex -1)
                  | [Jiyva's grace]
  1526 | D:3      | Gained mutation: Your mind is very acute. (Int +8, Str/Dex
                  | -2) [Jiyva's grace]
  1526 | D:3      | Gained mutation: Your flesh is heat resistant. (rF+)
                  | [Jiyva's grace]
  1526 | D:3      | Gained mutation: Your flesh is very heat resistant. (rF++)
                  | [Jiyva's grace]
  1567 | D:3      | Found a burning altar of Makhleb.
  1748 | D:3      | Found a transporter.
  1748 | D:3      | Noticed LustLizard's ghost (amateur OpSh)
  2083 | D:4      | Reached **** piety under Jiyva
  2093 | D:4      | Gained mutation: Your magical nature lets you fly swiftly
                  | and evasively. [Tengu growth]
  2093 | D:4      | Reached XP level 5. HP: 20/29 MP: 4/9
  2165 | D:4      | Reached XP level 6. HP: 30/34 MP: 3/10
  2543 | D:5      | Entered Level 5 of the Dungeon
  2575 | D:5      | Noticed a black bear
  2579 | D:5      | Killed a black bear
  2643 | D:5      | Reached ***** piety under Jiyva
  2748 | D:5      | Reached XP level 7. HP: 40/40 MP: 7/11
  2956 | D:5      | Lost mutation: Your mind is very acute. (Int +8, Str/Dex
                  | -2) [Jiyva's grace]
  2956 | D:5      | Lost mutation: Your flesh is very heat resistant. (rF++)
                  | [Jiyva's grace]
  2956 | D:5      | Gained mutation: You are somewhat resistant to further
                  | mutation. [Jiyva's grace]
  2956 | D:5      | Gained mutation: You are somewhat resistant to both further
                  | mutation and mutation removal. [Jiyva's grace]
  2956 | D:5      | Gained mutation: You are almost entirely resistant to
                  | further mutation and mutation removal. [Jiyva's grace]
  2956 | D:5      | Gained mutation: You are partially covered in iridescent
                  | scales. (AC +2) [Jiyva's grace]
  2980 | D:5      | Found a staircase to the Ecumenical Temple.
  3654 | D:6      | Reached XP level 8. HP: 38/46 MP: 9/12
  3708 | D:6      | Reached skill level 5 in Fighting
  3890 | D:6      | Found a hazy altar of Hepliaklqana.
  3940 | D:6      | Slain by a bullfrog

Illustrated notes

Levels and vault maps discovered:
D:1:      amcnicky_arrival_double_pillar, layout_loops_ring,
          dreamdust_ecumenical_altar_sealed_demon
D:2:      layout_rooms, basic_altar, minmay_misc_feat_doors, st_stairs_13
D:3:      layout_basic, mainiacjoe_overflow_24_doors, gammafunk_ghost_arena,
          chequers_serial_rivers_large_a, moated_statue, chequers_arboretum,
          minivault_19
D:4:      layout_cave_pools, hangedman_decor_points
D:5:      layout_loops_corners, minmay_temple_entry_junction,
          hangedman_abyss_or_decor_lesser_grid, supply_closet_lemuel
D:6:      hellmonk_crumbling_castle, layout_basic,
          worldfamousw_hep_ancestral_shrine, minitemple,
          cheibrodos_sewer_entry_bend, serial_undead, serial_undead_b,
          serial_undead_e, serial_undead_e, serial_undead_d,
          minmay_curled_crystal

Skill      XL: |  1  2  3  4  5  6  7  8 |
---------------+-------------------------+-----
Fighting       | 1 2 3 5 |  5.0
Stealth        | 3 |  3.0
Conjurations   | 6 |  6.2
Translocations | 1 2 3 4 |  4.0
Hexes          | 1 2 3 4 |  4.0
Dodging        | |  2.1
Spellcasting   | |  2.0
Evocations     | |  0.3

Action                     |  1- 3 |  4- 6 |  7- 9 || total
---------------------------+-------+-------+-------++-------
  Melee: Kick              |     3 |       |     3 ||     6
         Unarmed           |     1 |       |       ||     1
         Dagger            |     3 |       |     5 ||     8
         Peck              |     1 |       |       ||     1
         Punch             |       |       |     1 ||     1
   Cast: Magic Dart        |    55 |    25 |    10 ||    90
         Searing Ray       |     9 |    23 |    20 ||    52
 Invoke: Oozemancy         |       |       |     1 ||     1
    Use: Potion            |     1 |       |       ||     1
         Scroll            |       |     3 |       ||     3
 Armour: Robe              |     2 |       |    11 ||    13
  Dodge: Dodged            |    11 |    10 |    46 ||    67

Table legend: (Time is in decaauts)
 A = Elapsed time spent in this place.
 B = Non-inter-level travel time spent in this place.
 C = Inter-level travel time spent in this place.
 D = Time resting spent in this place.
 E = Time spent auto-exploring this place.
 F = Levels seen in this place.
 G = Mean time per level.
                   A        B        C        D        E       F      G
               +--------+--------+--------+--------+--------+-----+--------+
         Total |   3787 |   3632 |    155 |     55 |   2355 |   6 |  631.2 |
       Dungeon |   3787 |   3632 |    155 |     55 |   2355 |   6 |  631.2 |
               +--------+--------+--------+--------+--------+-----+--------+

Top non-repeatable levels by time:
     D:1: 901 daAuts
     D:5: 808 daAuts
     D:3: 710 daAuts
     D:2: 483 daAuts
     D:6: 460 daAuts
     D:4: 423 daAuts
